 Dungeon Crawl Stone Soup version 0.18.1-50-g88ac8fd (webtiles) character file.

30885 nikopol the Peltast (level 13, -4/174 HPs)
             Began as a Minotaur Berserker on Sept 26, 2016.
             Was the Champion of Trog.
             Slain by a 13-headed hydra (5 damage)
             ... on level 7 of the Lair of Beasts.
             The game lasted 00:57:27 (20028 turns).

nikopol the Peltast (Minotaur Berserker)           Turns: 20028, Time: 00:57:28

Health: -4/174     AC: 18    Str: 28    XL:     13   Next: 23%
Magic:  12/12      EV:  8    Int: 10    God:    Trog [******]
Gold:   1055       SH: 23    Dex: 14    Spells: 0 memorised, 12 levels left

rFire  + + .     SeeInvis +     a - +6 hand axe of Floods {chop, Fragile MR+ MP+9}
rCold  . . .     Gourm    .     c - +2 chain mail {rF+}
rNeg   . . .     Faith    .     L - +2 large shield {rC+}
rPois  .         Spirit   .     (helmet restricted)
rElec  +         Dismiss  .     t - +0 cloak
rCorr  .         Reflect  .     b - +0 pair of gloves
SustAt .         Harm     .     (no boots)
MR     +....                    (no amulet)
Stlth  ..........               p - ring of flight
                                J - ring of Mashriy {Fire rElec MP-9 Int+4 SInv}

@: berserking, very quick, somewhat resistant to hostile enchantments, extremely
unstealthy
A: retaliatory headbutt, horns 2, icy blue scales 1, clever 1
a: Berserk, Trog's Hand, Brothers in Arms, Burn Spellbooks, Renounce Religion,
Evoke Flight


You were on level 7 of the Lair of Beasts.
You worshipped Trog.
Trog was exalted by your worship.
You were not hungry.

You visited 2 branches of the dungeon, and saw 18 of its levels.
You also visited: Ossuary and Bailey.

You collected 1263 gold pieces.
You spent 208 gold pieces at shops.

Inventory:

Hand Weapons
 a - the +6 hand axe of Floods (weapon) {chop, Fragile MR+ MP+9}
   (You bought it in a shop on level 8 of the Dungeon)

   It inflicts extra damage upon your enemies.
   It affects your resistance to hostile enchantments.
   It affects your magic capacity (+9).
   It will be destroyed if unequipped.
 z - a +0 shortbow
Missiles
 k - 326 arrows
Armour
 b - a +0 pair of gloves (worn)
 c - a +2 chain mail of fire resistance (worn)
 t - a +0 cloak (worn)
 L - a +2 large shield of cold resistance (worn)
Jewellery
 p - a ring of flight (right hand)
 J - the ring of Mashriy (left hand) {Fire rElec MP-9 Int+4 SInv}
   (You found it on level 8 of the Dungeon)

   [ring of fire]

   It enhances your fire magic, and weakens your ice magic.
   It affects your intelligence (+4).
   It protects you from fire.
   It makes you vulnerable to cold.
   It insulates you from electricity.
   It affects your magic capacity (-9).
   It lets you see invisible.
 R - an uncursed ring of positive energy
Wands
 n - a wand of polymorph (12/24)
 C - a wand of digging (9/24)
Scrolls
 f - 5 scrolls of teleportation
 l - a scroll of enchant weapon
 q - a scroll of identify
 r - 4 scrolls of fog
 s - a scroll of brand weapon {unknown}
 u - a scroll of holy word {unknown}
 v - a scroll of summoning
 x - 4 scrolls of recharging
 y - 6 scrolls of remove curse
 F - a scroll of enchant armour
 W - 2 scrolls of magic mapping
Potions
 e - 5 potions of brilliance
 g - 10 potions of curing
 h - a potion of invisibility
 i - 5 potions of heal wounds
 m - 2 potions of might
 o - a potion of ambrosia
 A - 4 potions of haste
 B - 3 potions of agility
 D - 3 potions of flight
 H - 2 potions of cure mutation
 I - a potion of resistance
 M - a potion of cancellation {unknown}
Comestibles
 d - a beef jerky
 j - 7 meat rations
 E - 10 bread rations
 G - a slice of pizza
 S - 12 fruits
 T - 7 royal jellies


   Skills:
 + Level 11.5 Fighting
 * Level 14.6 Axes
 - Level 1.5 Bows
 + Level 11.5 Armour
 - Level 2.8 Dodging
 * Level 15.4 Shields


You had 12 spell levels left.
You didn't know any spells.

Dungeon Overview and Level Annotations

Branches:
Dungeon (11/15)            Temple (0/1) D:6            Lair (7/8) D:11
 Shoals (0/4) Lair:6        Snake (0/4) Lair:4
  Slime: Lair:6-8       Orc: D:9-12

Altars:
Ashenzari
Cheibriados
Dithmenos
Gozag
Okawaru
Ru
Trog
Xom
Yredelemnul

Shops:
D:5 }(*   D:6 :   D:7 (%}%?   D:8 *

Portals:
Trove: D:11 (give 7 potions of haste)


Innate Abilities, Weirdness & Mutations

You reflexively headbutt those who attack you in melee.
You have a pair of horns on your head.
You are partially covered in icy blue scales (AC +1).
Your mind is acute. (Int +2)


Message History

The water moccasin is heavily wounded.
You chop one of the 12-headed hydra's heads off!
The 11-headed hydra grows two more!
You slash the 13-headed hydra!
The 13-headed hydra is severely wounded.
You miss the water moccasin.
The water moccasin is heavily wounded.
You block the water moccasin's attack. You block the 13-headed hydra's attack.
The 13-headed hydra bites you but does no damage.
The 13-headed hydra bites you!
* * * LOW HITPOINT WARNING * * *
The 13-headed hydra bites you but does no damage. x2
The 13-headed hydra barely misses you.
The 13-headed hydra bites you but does no damage.
You block the 13-headed hydra's attack.
The 13-headed hydra bites you but does no damage.
The 13-headed hydra bites you!
* * * LOW HITPOINT WARNING * * *
The 13-headed hydra bites you but does no damage. x2
The 13-headed hydra bites you.
You die...

#.......... ##
##............ P#
###............. .
.####.).........P.. ..
...####.##.#...#..###...
......................
......†.#.....#.....#..#
................SD......
<....#.....#....@#.....
........................
....#...#..##..#########
#.........#....#
##.............#
#..#...###....##
.....#..#.#...#
#...#####.....# #####
##..P.#


You could see a 13-headed hydra and a water moccasin.

Vanquished Creatures
  4 hydras
  An orc high priest (Bailey)
  Urug (Lair:3)
  An unseen horror (D:9)
  The ghost of Thomus the Thaumaturge, a novice DECj (Bailey)
  2 griffons
  An oklob plant (Lair:4)
  2 orc knights (Bailey)
  An elephant (D:11)
  7 black mambas
  Psyche (D:11)
  2 gargoyles (D:11)
  4 spiny frogs
  A kobold demonologist (Bailey)
  2 rime drakes
  3 komodo dragons
  2 trolls (D:11)
  Grinder (D:6)
  A two-headed ogre (D:9)
  9 blink frogs
  A vampire (D:11)
  2 wyverns
  2 basilisks
  13 yaks (Lair:6)
  2 hungry ghosts
  9 hippogriffs
  Menkaure (D:6)
  6 nagas (Lair:4)
  The ghost of Loris the Magician, an amateur DECj (D:6)
  12 water moccasins
  5 porcupines
  2 ice beasts
  10 orc warriors
  2 sky beasts
  A wasp (D:10)
  2 black bears (D:9)
  3 eyes of draining (D:3)
  2 phantoms
  10 centaurs
  5 wolves (Lair:4)
  An ogre (D:5)
  A big kobold (D:9)
  10 crocodiles
  Blork the orc (D:6)
  13 giant frogs
  A wyvern skeleton (D:9)
  4 scorpions
  3 wights (D:11)
  2 spriggan skeletons (D:9)
  6 electric eels
  3 howler monkeys
  6 crimson imps
  A centaur zombie (D:5)
  A jelly (D:9)
  7 orc priests
  2 hounds
  3 centaur skeletons (D:9)
  Crazy Yiuf (D:6)
  A giant frog skeleton (D:10)
  A gnoll shaman (D:6)
  Natasha (twice) (D:3)
  6 iguanas
  4 orc wizards
  6 worker ants
  19 sheep
  2 hound skeletons
  12 mummies (Ossuary)
  Robin (D:2)
  A worker ant zombie (D:6)
  22 gnolls
  12 adders
  68 river rats
  An ooze (D:5)
  An adder zombie (D:9)
  4 worms
  3 dart slugs
  4 giant geckos
  43 orcs
  4 ball pythons
  4 bats
  14 giant cockroaches
  29 goblins
  20 hobgoblins
  18 jackals
  4 quokkas
  2 giant gecko zombies
  4 giant newts
  A gnoll skeleton (Ossuary)
  2 gnoll zombies (D:7)
  2 goblin skeletons (Ossuary)
  A jackal skeleton (D:8)
  13 kobolds
  3 kobold skeletons (Ossuary)
  An orc skeleton (Ossuary)
  A quokka skeleton (D:6)
  A quokka zombie (D:7)
  6 rats
  11 rat skeletons (Ossuary)
  6 fungi
  3 plants (Lair:6)
567 creatures vanquished.

Vanquished Creatures (others)
  A hobgoblin (Bailey)
  A kobold skeleton (Ossuary)
  2 fungi
  A plant (Lair:6)
5 creatures vanquished.

Grand Total: 572 creatures vanquished

Notes
Turn   | Place    | Note
--------------------------------------------------------------
     0 | D:1      | nikopol the Minotaur Berserker began the quest for the Orb.
     0 | D:1      | Reached XP level 1. HP: 19/19 MP: 0/0
    67 | D:1      | Reached XP level 2. HP: 21/27 MP: 1/1
   625 | D:1      | Reached ** piety under Trog
   820 | D:1      | Reached XP level 3. HP: 33/33 MP: 2/2
  1080 | D:2      | Noticed Robin
  1082 | D:2      | Reached skill level 1 in Shields
  1088 | D:2      | Killed Robin
  1091 | D:2      | Reached XP level 4. HP: 19/40 MP: 3/3
  1309 | D:2      | Reached skill level 2 in Shields
  1385 | D:2      | Reached XP level 5. HP: 24/47 MP: 4/4
  1395 | D:2      | Reached *** piety under Trog
  1789 | D:2      | Reached skill level 3 in Shields
  2004 | D:2      | Found a sacrificial altar of Ru.
  3122 | D:3      | Noticed Natasha
  3125 | D:3      | Noticed an eye of draining
  3126 | D:3      | Noticed an eye of draining
  3127 | D:3      | Noticed an eye of draining
  3128 | D:3      | Killed Natasha
  3128 | D:3      | Reached skill level 4 in Shields
  3128 | D:3      | Reached XP level 6. HP: 38/53 MP: 0/5
  3133 | D:3      | Found a bloodstained altar of Trog.
  3138 | D:3      | Reached skill level 5 in Axes
  3140 | D:3      | Reached skill level 5 in Fighting
  3141 | D:3      | Reached skill level 5 in Shields
  3141 | D:3      | Reached XP level 7. HP: 61/61 MP: 0/6
  3173 | D:3      | Noticed Natasha
  3178 | D:3      | Killed Natasha
  3390 | D:3      | Reached **** piety under Trog
  3824 | D:4      | Reached skill level 5 in Armour
  3824 | D:4      | Reached skill level 6 in Shields
  4146 | D:5      | Entered Level 5 of the Dungeon
  4189 | D:5      | Reached XP level 8. HP: 43/70 MP: 7/7
  4197 | D:5      | Reached skill level 7 in Shields
  4199 | D:5      | HP: 1/70 [orc priest (4)]
  4913 | D:5      | Found Doagomp's Gadget Shoppe.
  4949 | D:5      | Found Muleed's Antique Weapon Boutique.
  4967 | D:5      | Found Noji's General Store.
  5171 | D:5      | Reached skill level 1 in Bows
  5445 | D:6      | Reached skill level 8 in Shields
  5499 | D:6      | Noticed Blork the orc
  5506 | D:6      | Killed Blork the orc
  5516 | D:6      | Found a sacrificial altar of Ru.
  5716 | D:6      | Noticed Loris's ghost (amateur DECj)
  5724 | D:6      | Killed Loris's ghost
  5839 | D:6      | Reached XP level 9. HP: 41/78 MP: 8/8
  6384 | D:6      | Found an iron altar of Okawaru.
  6500 | D:6      | Noticed Menkaure
  6506 | D:6      | Killed Menkaure
  6692 | D:6      | Reached ***** piety under Trog
  6692 | D:6      | Reached skill level 9 in Shields
  6695 | D:6      | Noticed Grinder
  6704 | D:6      | Killed Grinder
  6747 | D:6      | Found Gaujefash's Book Shop.
  6830 | D:6      | Found a snail-covered altar of Cheibriados.
  6856 | D:6      | Found a staircase to the Ecumenical Temple.
  6911 | D:6      | Noticed Crazy Yiuf
  6916 | D:6      | Killed Crazy Yiuf
  7101 | D:7      | Found an opulent altar of Gozag.
  7113 | D:7      | Found a sand-covered staircase.
  7117 | Ossuary  | Entered an ossuary
  7422 | D:7      | Found a shimmering altar of Xom.
  7435 | D:7      | You fall through a shaft for 3 floors!
  7435 | D:10     | Entered Level 10 of the Dungeon
  7635 | D:9      | Received a gift from Trog
  7749 | D:7      | Reached skill level 10 in Shields
  7756 | D:7      | Found a shadowy altar of Dithmenos.
  7774 | D:7      | Found a flagged portal.
  7788 | Bailey   | Entered a bailey
  7974 | Bailey   | Noticed Thomus's ghost (novice DECj)
  7988 | Bailey   | Killed Thomus's ghost
  7988 | Bailey   | Reached XP level 10. HP: 83/88 MP: 9/9
  8215 | Bailey   | Found an iron altar of Okawaru.
  8215 | Bailey   | Noticed an orc high priest
  8237 | Bailey   | Noticed an orange demon
  8237 | Bailey   | Killed an orc high priest
  8237 | Bailey   | Reached skill level 10 in Axes
  8620 | Bailey   | Noticed an orc knight
  8626 | Bailey   | Killed an orc knight
  8626 | Bailey   | Received a gift from Trog
  8626 | Bailey   | Reached skill level 11 in Shields
  8687 | Bailey   | Noticed an orc knight
  8704 | Bailey   | Killed an orc knight
 10164 | D:7      | Found Emor's Food Emporium.
 10243 | D:7      | Found Ipnus's Magic Scroll Shop.
 10290 | D:7      | Found Safaus's Food Emporium.
 10440 | D:7      | Found Noutoteg's Antique Weapon Emporium.
 10475 | D:7      | Found Tatoroeg's Gadget Boutique.
 10502 | D:7      | Found a basalt altar of Yredelemnul.
 10644 | D:7      | Found a shattered altar of Ashenzari.
 10901 | D:8      | Got a faintly glowing iron ring
 11062 | D:8      | Found Rogioguj's Assorted Antiques.
 11069 | D:8      | Bought an iridescent hand axe for 208 gold pieces
 11072 | D:8      | Identified the +6 hand axe of Floods {chop, Fragile MR+ MP+9} (You bought it in a shop on level 8 of the Dungeon)
 11742 | D:9      | Reached XP level 11. HP: 92/95 MP: 10/10
 11939 | D:9      | Found a shimmering altar of Xom.
 12034 | D:9      | Reached skill level 12 in Shields
 12058 | D:9      | Noticed an unseen horror
 12076 | D:9      | Killed an unseen horror
 12278 | D:10     | Reached ****** piety under Trog
 12307 | D:10     | Identified the ring of Mashriy {Fire rElec MP-9 Int+4 SInv} (You found it on level 8 of the Dungeon)
 12460 | D:10     | Gained mutation: You are partially covered in icy blue scales (AC +1). [potion of beneficial mutation]
 12463 | D:10     | Gained mutation: Your mind is acute. (Int +2) [potion of beneficial mutation]
 12904 | D:11     | Found a staircase to the Lair.
 13088 | D:11     | Noticed Psyche
 13096 | D:11     | Killed Psyche
 13394 | D:11     | Found a portal to a secret trove of treasure.
 13505 | D:11     | Received a gift from Trog
 13859 | Lair:1   | Entered Level 1 of the Lair of Beasts
 14121 | Lair:1   | Noticed a seven-headed hydra
 14139 | Lair:1   | Killed a 13-headed hydra
 14139 | Lair:1   | Reached skill level 10 in Armour
 14139 | Lair:1   | Reached skill level 13 in Shields
 14719 | Lair:2   | Reached skill level 10 in Fighting
 15005 | Lair:2   | Reached XP level 12. HP: 88/106 MP: 11/11
 15362 | Lair:3   | Noticed Urug
 15378 | Lair:3   | Killed Urug
 15655 | Lair:3   | Received a gift from Trog
 16541 | Lair:4   | Reached skill level 14 in Shields
 17292 | Lair:4   | Found a staircase to the Snake Pit.
 17990 | Lair:5   | Noticed a six-headed hydra
 18003 | Lair:5   | Killed a 12-headed hydra
 18409 | Lair:6   | Found a staircase to the Shoals.
 18689 | Lair:6   | Received a gift from Trog
 18761 | Lair:6   | Reached skill level 15 in Shields
 18772 | Lair:6   | Reached XP level 13. HP: 99/116 MP: 12/12
 19792 | Lair:7   | Received a gift from Trog
 20028 | Lair:7   | HP: 8/174 [13-headed hydra (11)]
 20028 | Lair:7   | HP: 1/174 [13-headed hydra (7)]
 20028 | Lair:7   | Slain by a 13-headed hydra

Skill      XL: |  1  2  3  4  5  6  7  8  9 10 11 12 |
---------------+-------------------------------------+-----
Axes           | 4 5 6 7 9 11 12 14 | 14.6
Armour         | 3 4 5 6 7 9 10 11 | 11.5
Shields        | 1 2 4 5 6 8 10 11 13 15 | 15.4
Fighting       | 4 5 6 8 10 11 | 11.5
Bows           | 1 |  1.5
Dodging        | |  2.8

Action                   |  1- 3 |  4- 6 |  7- 9 | 10-12 | 13-15 || total
-------------------------+-------+-------+-------+-------+-------++-------
Melee: Hand axe          |    96 |    85 |   282 |   893 |   119 ||  1475
       Headbutt          |     7 |    24 |    71 |   223 |    36 ||   361
       War axe           |       |    34 |   102 |       |       ||   136
 Fire: Shortbow          |       |       |       |    15 |       ||    15
Invok: Berserk           |     1 |     3 |     7 |     7 |     3 ||    21
       Trog's Hand       |       |       |     1 |     1 |       ||     2
       Burn Spellbooks   |       |       |       |     3 |       ||     3
  Use: Scroll            |       |       |    12 |    21 |       ||    33
       Potion            |       |       |       |     2 |       ||     2
 Stab: Sleeping          |     3 |     1 |       |       |       ||     4
  Eat: Chunk             |     1 |     9 |    13 |    39 |     6 ||    68
       Bread ration      |       |       |     2 |       |       ||     2
       Pizza             |       |       |     1 |     1 |       ||     2
       Royal jelly       |       |       |       |     1 |       ||     1
       Beef jerky        |       |       |       |     1 |       ||     1
Armor: Animal skin       |    16 |     6 |    10 |       |       ||    32
       Scale mail        |       |       |    16 |       |       ||    16
       Chain mail        |       |       |    49 |   165 |    60 ||   274
Dodge: Dodged            |    57 |    52 |    92 |    96 |    37 ||   334
Block: Shield            |    15 |    55 |   153 |   134 |       ||   357
       Large shield      |       |       |       |   505 |   125 ||   630
